Map: [ESL] Inside and Out

Players

Killermonjas

  • Race: Protoss Protoss
  • Spawn Location: 1:00

NightPhoenix - Winner!

  • Race: Protoss Protoss
  • Spawn Location: 7:00

Event: DreamHack SC2 Masters 2022 Valencia

VOD

Have the link to the VOD?

Description

Time

  • Played on: July 1, 2022, 5:59 a.m.
  • Length: 7:27

All games in this series

Show
View Real Time Build Order
Export as new Build Order

Killermonjas Protoss 

Build Orders:  

Get SALT Encoding   

  12  0:00  Probe  
  13  0:12  Probe  
  14  0:17  Pylon  
  14  0:24  Probe (Chrono Boost)  
  16  0:37  Probe (Chrono Boost)  
  16  0:38  Gateway  
  16  0:42  Probe (Chrono Boost)  
  16  0:46  Assimilator  
  17  0:52  Probe  
  17  0:54  Assimilator  
  18  1:04  Probe  
  19  1:07  Gateway  
  19  1:16  Probe  
  20  1:25  Cybernetics Core  
  20  1:28  Probe (Chrono Boost)  
  21  1:33  Pylon  
  22  1:40  Probe (Chrono Boost)  
  22  1:47  Probe  
  23  1:59  Probe  
  24  2:01  Stalker  
  24  2:02  Stalker  
  24  2:06  Warp Gate (Chrono Boost)  
  28  2:11  Probe  
  28  2:13  Pylon  
  29  2:23  Probe  
  30  2:31  Pylon  
  30  2:33  Stalker  
  32  2:38  Stalker  
  34  3:00  Shield Battery  
  34  3:11  Nexus  
  34  3:22  Shield Battery  
  32  3:38  Twilight Council  
  32  3:49  Gateway  
  32  3:52  Probe  
  32  3:53  Stalker x2  
  37  4:00  Pylon  
  37  4:04  Probe  
  38  4:12  Blink (Chrono Boost)  
  38  4:13  Pylon  
  38  4:18  Probe  
  38  4:24  Pylon  
  39  4:30  Probe  
  40  4:35  Shield Battery  
  40  4:37  Stalker  
  42  4:44  Probe  
  43  4:45  Probe  
  43  4:50  Pylon  
  44  4:53  Stalker  
  44  4:56  Probe  
  47  5:01  Stalker  
  41  5:20  Stalker  
  43  5:25  Probe (Chrono Boost)  
  44  5:35  Probe (Chrono Boost)  
  45  5:37  Probe (Chrono Boost)  
  46  5:45  Probe (Chrono Boost)  
  46  5:47  Probe (Chrono Boost)  
  48  5:50  Probe (Chrono Boost)  
  48  5:52  Probe (Chrono Boost)  
  50  6:00  Probe  
  50  6:03  Probe  
  52  6:04  Stalker x2  
  53  6:15  Probe (Chrono Boost)  
  53  6:16  Probe (Chrono Boost)  
  43  6:28  Probe x2 (Chrono Boost)  
  44  6:34  Probe x2 (Chrono Boost)  
  44  6:42  Probe x2  
  44  6:43  Stalker x2  
  47  6:54  Probe (Chrono Boost)  
  47  6:56  Probe (Chrono Boost)  
  46  7:03  Robotics Facility  
  46  7:06  Probe (Chrono Boost), Gateway  
  48  7:11  Probe (Chrono Boost)  
  48  7:12  Probe (Chrono Boost)  
  49  7:22  Stalker  
Show
View Real Time Build Order
Export as new Build Order

NightPhoenix Protoss - Winner!

Build Orders: Oracle Opening 

Get SALT Encoding   

  12  0:00  Probe  
  13  0:12  Probe  
  14  0:16  Pylon  
  14  0:24  Probe (Chrono Boost)  
  15  0:36  Probe (Chrono Boost)  
  15  0:37  Gateway  
  16  0:44  Probe (Chrono Boost)  
  16  0:46  Assimilator  
  17  0:51  Probe  
  18  0:58  Assimilator  
  18  1:03  Probe (Chrono Boost)  
  19  1:08  Gateway  
  19  1:14  Probe (Chrono Boost)  
  20  1:19  Probe (Chrono Boost)  
  20  1:24  Cybernetics Core  
  21  1:29  Probe  
  22  1:35  Pylon  
  22  1:41  Probe  
  23  1:56  Probe  
  23  2:00  Adept x2  
  23  2:01  Warp Gate  
  28  2:10  Pylon  
  28  2:12  Probe  
  29  2:20  Stargate  
  29  2:33  Adept x2  
  33  2:39  Pylon  
  33  3:02  Adept x2 (Chrono Boost)  
  37  3:07  Oracle  
  40  3:25  Nexus  
  38  3:38  Shield Battery  
  38  3:40  Twilight Council  
  38  3:48  Oracle  
  41  3:55  Stalker  
  43  4:06  Stalker  
  45  4:11  Probe  
  46  4:22  Gateway  
  46  4:24  Blink (Chrono Boost)  
  46  4:25  Probe  
  47  4:37  Probe (Chrono Boost)  
  48  4:44  Stalker  
  50  4:45  Probe (Chrono Boost)  
  50  4:50  Probe (Chrono Boost)  
  52  5:08  Probe x2  
  54  5:18  Gateway  
  54  5:20  Probe x2  
  54  5:21  Gateway  
  56  5:34  Nexus, Probe x2  
  56  5:35  Pylon  
  58  5:44  Stalker x2  
  62  5:52  Assimilator  
  62  5:53  Probe  
  62  5:54  Pylon  
  61  6:07  Gateway x2  
  58  6:17  Stalker x2  
  53  6:39  Probe x2  
  53  6:42  Stalker x5  
  63  6:51  Probe x2  
  66  6:54  Probe  
  66  7:03  Probe x2  
  66  7:05  Robotics Facility  
  66  7:06  Stalker, Probe, Forge  
  71  7:11  Stalker  
  71  7:14  Stalker  

Tags
 
Add a new tag
Caveats
  • Supply blocks, unpowered buildings, or Contaminate may cause inaccurate times.
  • Supply counts are checked every 10 seconds.